[Event "Sardinia World Festival-A 2024"]
[Site "Orosei"]
[Date "2024.04.29"]
[Round "3.14"]
[White "Murzin, Volodar"]
[Black "Aizenberg, Benny"]
[Result "1/2-1/2"]
[ECO "B90"]
[WhiteElo "2632"]
[BlackElo "2409"]
[Annotator "TA"]
[PlyCount "229"]
[EventDate "2024.04.26"]
[EventType "swiss"]
[EventCountry "ITA"]
[SourceTitle "playchess.com"]
[Source "ChessBase"]
[SourceQuality "1"]
[TimeControl "40/5400+30:1800+30"]

1. e4 c5 2. Nf3 d6 3. d4 cxd4 4. Nxd4 Nf6 5. Nc3 a6 6. Be3 e5 7. Nb3 Be7 8. f3 Be6 9. Qd2 O-O 10. O-O-O Nbd7 11. g4 b5 12. g5 Nh5 13. Nd5 Bxd5 {[%emt 0:01:32] B90: Sicilian Najdorf: Unusual White 6th moves, 6 Be3 Ng4 and 6 Be3 e5.} 14. exd5 f6 {[%emt 0:05:47] 14...f6 is better than 14...f5.} 15. gxf6 Bxf6 16. Na5 g6 $146 ({Predecessor:} 16... Qe8 17. Kb1 Bd8 18. Nb7 Bc7 19. Qc3 Qb8 20. Qc6 Rxf3 21. Bc1 Nhf6 22. Bg2 e4 23. Bxf3 {0-1 Aronian,L (2759)-Navara,D (2681) Julius Baer GenCup Prelim rapid 2022 (10)}) 17. Kb1 Bg7 18. Nc6 Qe8 19. Qb4 Rxf3 20. Bc1 Qf8 21. Be2 Rf7 22. Bg4 Nc5 23. Bxh5 gxh5 24. Qh4 Kh8 25. Qxh5 Rf5 26. Qg4 Qf7 27. Rhg1 Rf8 28. Bg5 e4 29. Be7 Rg8 30. Bxd6 Rxd5 31. Bxc5 Rxc5 32. Qxe4 Rc4 33. Qe7 Qf6 34. Qxf6 Bxf6 35. Rxg8+ Kxg8 36. Rd6 Kf7 37. a3 Rh4 38. Rd2 h5 39. c3 Re4 40. Kc2 h4 41. Nb4 Re6 42. Kb3 Bg5 43. Rf2+ Ke8 44. a4 Be7 45. axb5 axb5 46. Nc2 Re4 47. Rd2 Re5 48. Nb4 Bg5 49. Rd4 Re2 50. h3 Re3 51. Rd5 Bf6 52. Rf5 Bg7 53. Rxb5 Rxh3 54. Kc4 Rg3 55. Rh5 Rg4+ 56. Kd5 Kf7 57. Rf5+ Kg6 58. Rf1 Rg3 59. Ke4 Bxc3 60. bxc3 Rxc3 61. Nd5 Rg3 62. Rf5 Ra3 63. Nf4+ Kg7 64. Rh5 h3 65. Nxh3 Ra4+ 66. Kf3 Ra3+ 67. Kg4 Kf6 68. Nf4 Ke7 69. Rd5 Kf6 70. Rf5+ Ke7 71. Re5+ Kd6 72. Kf5 Ra1 73. Rd5+ Kc6 74. Rd2 Re1 75. Nd3 Rh1 76. Ke4 Rh4+ 77. Nf4 Rh1 78. Ng2 Kc5 79. Rd8 Kc6 80. Ne3 Rh7 81. Nf5 Rh1 82. Nd4+ Kc5 83. Rc8+ Kd6 84. Rc6+ Kd7 85. Rg6 Rh5 86. Nf3 Ke7 87. Ng5 Rh1 88. Ke5 Kd7 89. Ne4 Rh5+ 90. Kd4 Ke7 91. Ra6 Rh1 92. Ng3 Re1 93. Kd5 Rb1 94. Nf5+ Kf7 95. Nh6+ Ke7 96. Ng8+ Kf7 97. Nf6 Rb5+ 98. Ke4 Rb4+ 99. Ke5 Rb1 100. Ra7+ Kg6 101. Rc7 Ra1 102. Rb7 Ra2 103. Rb6 Kf7 104. Rb5 Rh2 105. Rb1 Ra2 106. Rf1 Kg6 107. Rf3 Ra1 108. Rf2 Rb1 109. Re2 Rb8 110. Rg2+ Kf7 111. Nd5 Re8+ 112. Kf5 Re1 113. Rf2 Ke8 114. Nf6+ Ke7 115. Ra2 1/2-1/2

[Event "Sardinia World Festival-A 2024"]
[Site "Orosei"]
[Date "2024.04.29"]
[Round "3.15"]
[White "Chigaev, Maksim"]
[Black "Kochavi, Ori"]
[Result "1-0"]
[ECO "B12"]
[WhiteElo "2621"]
[BlackElo "2406"]
[Annotator "TA"]
[PlyCount "87"]
[EventDate "2024.04.26"]
[EventType "swiss"]
[EventCountry "ITA"]
[SourceTitle "playchess.com"]
[Source "ChessBase"]
[SourceQuality "1"]
[TimeControl "40/5400+30:1800+30"]

1. e4 c6 2. d4 d5 3. e5 Bf5 4. h4 h5 5. Bd3 Bxd3 6. Qxd3 Qa5+ 7. Nd2 {[%emt 0:00:10][%cal Oe5e6] Threatens to win with e6!} e6 8. Ne2 {[%emt 0:00:07][%cal Bg1e2,Be2c3,Bc3b5][%mdl 32] The position is equal.} Qa6 9. c4 Ne7 10. O-O {[%emt 0:02:22] [#]} c5 11. Nc3 $1 $14 dxc4 ({Better is} 11... Qc6 $14) 12. Nxc4 $16 Nf5 {[%emt 0:00:12] Wards off Nd6+} 13. d5 {[%emt 0:02:27] Black must now prevent Bg5. White is more active.} Be7 14. a4 O-O 15. Nb5 Rc8 {[%emt 0:00:11] [#] Against Nc7} (15... Bd8 $142 16. Ncd6 Nxd6 17. exd6 exd5) 16. Ncd6 $1 $18 Bxd6 17. dxe6 fxe6 18. exd6 Nd7 (18... Nc6 $16 19. d7 Rf8) 19. Bg5 Qc6 20. Rad1 a6 21. Nc7 Nd4 22. Rfe1 Rxc7 23. dxc7 Qxc7 {[%emt 0:00:02] [#]} 24. b4 $1 {[%emt 0:03:00][%mdl 512] bxc5 is the strong threat.} Ne5 (24... Nf8 25. Rc1) 25. Qg3 Nef3+ 26. gxf3 Qxg3+ 27. fxg3 Nxf3+ 28. Kf2 Nxe1 29. Kxe1 cxb4 {[%emt 0:00:02][%mdl 4096] Endgame. KRB-KR} 30. a5 {[%emt 0:00:25] aiming for Rd8+.} ({Resist} 30. Rd7 b5 $18) 30... Rc8 (30... Kh7 31. Rd4 Rc8 32. Rxb4 Rc5) 31. Rd8+ Rxd8 32. Bxd8 {[%emt 0:00:02] KB-KP} Kf7 33. Kd2 e5 34. Kd3 Ke6 35. Kc4 Kf5 36. Kxb4 {[%emt 0:02:39] White mates.} Kg4 37. Kc5 Kxg3 38. Kb6 e4 39. Bg5 $1 e3 40. Bxe3 Kxh4 41. Kxb7 Kg3 42. Kxa6 h4 43. Kb5 h3 44. Bc5 {[%emt 0:00:11] White took control after the opening.   Weighted Error Value: White=0.01 (flawless) /Black=0.50.  Mistake:       	---       	Black=5      OK:         	White=14    	Black=10     Best:        	White=2     	Black=3      Strong:       	White=1     	---} 1-0

[Event "Sardinia World Festival-A 2024"]
[Site "Orosei"]
[Date "2024.04.29"]
[Round "3.16"]
[White "Assylov, Miras"]
[Black "Moroni, Luca Jr"]
[Result "0-1"]
[ECO "C79"]
[WhiteElo "2342"]
[BlackElo "2580"]
[Annotator "TA"]
[PlyCount "69"]
[EventDate "2024.04.26"]
[EventType "swiss"]
[EventCountry "ITA"]
[SourceTitle "playchess.com"]
[Source "ChessBase"]
[SourceQuality "1"]
[TimeControl "40/5400+30:1800+30"]

1. e4 e5 2. Nf3 Nc6 3. Bb5 a6 4. Ba4 d6 5. d4 exd4 6. Nxd4 Bd7 7. O-O Nf6 8. Nc3 Be7 9. Nxc6 Bxc6 10. Bxc6+ bxc6 11. Qd4 O-O 12. Bf4 Qb8 13. b3 {[%emt 0:10:30] The position is equal.} Nd7 14. Qc4 Qb7 15. Rad1 Bf6 16. a4 Rfe8 17. Ne2 Nb6 18. Qd3 c5 19. Ng3 {[%emt 0:10:39] [#]} c4 $1 20. Qf3 (20. bxc4 Nxa4 21. Qf3 Qc6 $17) (20. Qe2 cxb3) 20... Nd7 21. Qg4 Qc6 22. Bg5 Bxg5 23. Qxg5 h6 24. Qe3 Rab8 25. Qc3 Ne5 26. b4 g6 (26... Qxa4 27. f4 Ng4 28. Nf5 $16 (28. Qxc4 $2 Ne3 $19)) 27. a5 {[%emt 0:01:27] Strongly threatening f4.} Qb7 (27... Qb5 $1 $11) 28. f4 $36 {[%emt 0:00:44][%mdl 2048] White is pushing.} Qa7+ (28... Nc6 $14) 29. Kh1 Ng4 30. Rd4 $1 {[%emt 0:00:25][%cal Oh2h3,Bd1d4,Bd4c4,Bc4c7][%mdl 32] [#] And now h3! would win.} h5 (30... Rxb4 $2 31. h3 $18) (30... Qb7 $16 {is a better defense.}) 31. h3 $1 $18 (31. Qxc4 $2 {loses.} Ne3 32. Qd3 Nxc2 $19 (32... Nxf1 $2 33. Nxf1 Qb7 34. g3 $19)) 31... h4 32. hxg4 hxg3 33. Rxc4 d5 (33... c5 $16 {was called for.}) 34. Rxc7 (34. exd5 $2 {perishes.} Qf2 35. Rxf2 gxf2 $19) 34... Rb7 35. Qc6 $2 {[%emt 0:00:00][%mdl 32768] Weighted Error Value: White=0.10 (very precise) /Black=0.20 (precise) .  Missed win:     	White=1     	---        Mistake:       	---       	Black=4      Inaccurate:     	White=3     	Black=2      OK:         	White=7     	Black=13     Best:        	White=3     	---        Strong:       	White=2     	---       . Loss on time!?} (35. Rxb7 $18 Qxb7 36. exd5 (36. Qxg3 dxe4 37. f5 e3 $14)) 0-1

[Event "Sardinia World Festival-A 2024"]
[Site "Orosei"]
[Date "2024.04.29"]
[Round "3.17"]
[White "Gurel, Ediz"]
[Black "Vantika Agrawal"]
[Result "1-0"]
[ECO "E10"]
[WhiteElo "2578"]
[BlackElo "2398"]
[Annotator "TA"]
[PlyCount "87"]
[EventDate "2024.04.26"]
[EventType "swiss"]
[EventCountry "ITA"]
[SourceTitle "playchess.com"]
[Source "ChessBase"]
[SourceQuality "1"]
[TimeControl "40/5400+30:1800+30"]

1. d4 Nf6 2. c4 e6 3. Nf3 h6 4. Nc3 Bb4 5. Qc2 c5 6. e4 Bxc3+ 7. bxc3 d5 8. e5 {[%emt 0:05:49] White is slightly better.} (8. dxc5 dxe4 9. Nd4 e5 $11) 8... Ne4 9. Bd3 Qa5 10. O-O {[%emt 0:04:17] aiming for cxd5.} Nc6 11. Bxe4 dxe4 12. Qxe4 Qxc3 13. Bd2 Qxc4 14. Rfc1 Qd5 15. Qg4 Kf8 16. Rxc5 Qd8 {[%emt 0:00:00] Black is weak on the dark squares} 17. Rac1 Kg8 18. Qe4 Ne7 19. Ba5 Qe8 {[%emt 0:00:00] [#]} ({Black should try} 19... Qf8 $1 $14) 20. Nd2 $1 $16 {[%emt 0:00:22][%cal Bf3d2,Bd2c4,Bc4d6][%mdl 32] White is much more active. The black rooks are passive.} Nd5 {[%emt 0:01:54] [#] Threatens to win with ...b6.} 21. Nc4 {[%emt 0:00:06] And now Nd6 would win.} Bd7 22. Nd6 $1 Qe7 23. Nxb7 Rb8 (23... Qg5 $16 24. R5c2 Rb8) 24. Nd6 $36 {[%emt 0:00:05][%mdl 2048] White is in control.} g6 (24... Qg5 {is a better defense.} 25. f3 g6) 25. h4 Kg7 26. R5c2 {[%emt 0:04:31] Repels Rb2} a6 27. Bd2 Rhf8 28. Be3 Ba4 29. Rc5 Rb2 {[%emt 0:00:31] [#]} (29... Bd7 $142 30. h5 g5) 30. h5 $1 Bd7 31. a3 g5 32. Qd3 (32. Rxd5 $18 exd5 33. Qxd5) 32... f5 {[%emt 0:00:32] A mistake that costs the game.} (32... Bb5 $16 {was called for.} 33. Qe4 (33. Nxb5 axb5 34. Ra1 Nxe3 $16) 33... Kg8 34. Rxd5 exd5 35. Qxd5 Bd3) 33. exf6+ (33. Qxa6 f4 34. Qd3 fxe3 35. Qg6+ Kh8 36. Qxh6+ Kg8 37. fxe3 Nxe3 $15) 33... Qxf6 $2 {[%emt 0:00:29] [#]} (33... Rxf6 34. Nc4 (34. Qxa6 $2 {perishes.} Rb6 $19) 34... Bb5) 34. Rc7 $1 {[%emt 0:00:57][%mdl 512] White is clearly winning.} Nxc7 35. Rxc7 {[%emt 0:00:01][%cal Od4d5] Strongly threatening d5!} Rf7 {[%emt 0:00:31] [#]} 36. Rxd7 $1 Rxd7 37. Ne8+ (37. Qxa6 $2 {too greedy.} Qe7 38. Ne4 Rb1+ 39. Kh2 g4 $19) 37... Kf7 38. Nxf6 Kxf6 39. Qg6+ Ke7 40. Qxh6 Kd6 41. Qxg5 Rb1+ 42. Kh2 Rb5 {[%emt 0:00:36] Dodges Qc5+} 43. Bf4+ Kc6 44. Be5 {[%emt 0:00:00] Weighted Error Value: White=0.18 (very precise) /Black=0.24 (precise) .  Mistake:       	White=1     	Black=6      Inaccurate:     	White=1     	Black=1      OK:         	White=14    	Black=10     Best:        	White=2     	Black=4      Strong:       	White=1     	---        Brilliant:      	White=1     	---} 1-0

[Event "Sardinia World Festival-A 2024"]
[Site "Orosei"]
[Date "2024.04.29"]
[Round "3.18"]
[White "Citak, Selim"]
[Black "Lodici, Lorenzo"]
[Result "0-1"]
[ECO "E32"]
[WhiteElo "2327"]
[BlackElo "2565"]
[Annotator "TA"]
[PlyCount "110"]
[EventDate "2024.04.26"]
[EventType "swiss"]
[EventCountry "ITA"]
[SourceTitle "playchess.com"]
[Source "ChessBase"]
[SourceQuality "1"]
[TimeControl "40/5400+30:1800+30"]

1. d4 Nf6 2. c4 e6 3. Nc3 Bb4 4. Qc2 h6 5. a3 Bxc3+ 6. Qxc3 {[%emt 0:00:07] E32: Nimzo-Indian: Classical (4 Qc2): 4...0-0.} b6 7. Nf3 Bb7 8. e3 O-O 9. Be2 Ne4 10. Qc2 Ng5 11. Qd1 Qf6 12. Nxg5 Qxg5 13. Bf3 Bxf3 14. Qxf3 Nc6 15. O-O f5 $146 ({Predecessor:} 15... Qg6 16. Qe2 Na5 17. Ra2 d5 18. cxd5 exd5 19. Bd2 Nb3 20. Bb4 c5 21. dxc5 Nxc5 {½-½ Malin,D (2122)-Osipov,A (2238) EU-ch 2014 pr29 email}) 16. b4 f4 17. b5 (17. exf4 $14 Qf6 18. Be3) 17... fxe3 $11 18. Qxe3 Na5 19. Qc3 Qg6 20. Be3 Rf5 21. Rad1 Raf8 22. d5 R8f7 23. dxe6 Qxe6 24. c5 ({White should try} 24. Rc1 $11) 24... Qc4 $1 $15 (24... Nc4 25. cxb6 axb6 (25... cxb6 26. Bd4 $11) 26. Qb3 $11) 25. Qb4 Qxb4 $1 26. axb4 Nc4 27. Bd4 Na3 28. f4 ({Avoid the trap} 28. g4 $2 Rf4 29. h3 Nxb5 $19) 28... Nc2 29. g3 d6 ({Much worse is} 29... Nxb4 $6 30. cxb6 axb6 31. Be5 $11) 30. cxd6 cxd6 31. Bf2 Rd7 32. Rc1 Nxb4 33. Rc8+ Kf7 34. Rfc1 Rxb5 35. R1c7 Ke7 $1 36. Rxd7+ Kxd7 37. Rg8 g5 38. Rg7+ Ke6 (38... Kc6 $19 {White must now prevent ...a5.} 39. fxg5 hxg5 40. Rxa7 g4) 39. fxg5 hxg5 ({Don't take} 39... Rxg5 40. Rxa7 b5 41. Be3 $11) 40. Rxa7 {[%emt 0:00:08] [#]} Nd3 $1 41. Be3 (41. Ra3 $17 Nxf2 42. Kxf2) 41... g4 42. Kf1 {[%emt 0:00:00] [#]} Ne5 $1 43. Rh7 Rb1+ 44. Ke2 Rb2+ 45. Kd1 Nc4 46. Bf4 (46. Bc1 $142 Rg2 47. Bf4) 46... d5 $19 47. h4 gxh3 48. Rxh3 d4 49. Rh4 $2 (49. Rh5) 49... Kd5 $19 50. g4 d3 51. Ke1 Rb1+ 52. Kf2 d2 53. Bxd2 Nxd2 54. Ke3 Nc4+ 55. Kf4 Rf1+ 0-1

[Event "Sardinia World Festival-A 2024"]
[Site "Orosei"]
[Date "2024.04.29"]
[Round "3.19"]
[White "Fiedorek, Michal"]
[Black "Rozen, Eytan"]
[Result "0-1"]
[ECO "B92"]
[WhiteElo "2310"]
[BlackElo "2499"]
[Annotator "TA"]
[PlyCount "176"]
[EventDate "2024.04.26"]
[EventType "swiss"]
[EventCountry "ITA"]
[SourceTitle "playchess.com"]
[Source "ChessBase"]
[SourceQuality "1"]
[TimeControl "40/5400+30:1800+30"]

1. e4 c5 2. Nf3 d6 3. d4 cxd4 4. Nxd4 Nf6 5. Nc3 a6 6. Be3 e5 7. Nb3 Be6 8. Be2 Be7 9. Nd5 Nbd7 10. Qd3 Bxd5 11. exd5 Rc8 12. a4 Nb6 13. Bxb6 Qxb6 14. O-O {[%emt 0:01:02] The position is equal.} O-O 15. a5 Qb4 16. c4 Nd7 17. Ra3 f5 18. Rfa1 e4 19. Qe3 Nc5 {[%emt 0:09:47] Inhibits Ra4.} 20. Nxc5 Qxc5 21. Qxc5 Rxc5 22. b4 Rc7 23. f4 (23. R3a2 $11) 23... Bf6 24. Rd1 Rfc8 25. Rb3 Rxc4 26. Bxc4 Rxc4 $11 {[%emt 0:00:02][%mdl 4096] Endgame. KRR-KRB} 27. b5 Bd4+ 28. Kf1 Bc5 29. bxa6 bxa6 30. Rdb1 h5 31. Rg3 e3 32. Rb7 (32. Rb8+ Kf7 33. Rb2 (33. Rb7+ $2 Kf6 $17) 33... Kf6) 32... Bd4 {[%emt 0:05:44][%mdl 1024] Black has compensation.} 33. Ke2 {[%emt 0:01:16] Kd3 is the strong threat.} Rc2+ 34. Kd3 (34. Kd1 $11 {keeps the balance.} Rd2+ 35. Ke1) 34... Rd2+ $17 35. Kc4 e2 36. Re7 Bf6 (36... h4 $17 37. Rd3 Be5) 37. Re8+ $11 Kf7 38. Rge3 Rd4+ $1 39. Kb3 Rxd5 (39... Be5 $1 $15 40. Rxe2 Kxe8 41. fxe5 Rxd5 42. exd6+ Kf7 (42... Kd7 43. Re7+ Kxd6 44. Rxg7 $11)) 40. Rxe2 $14 Rxa5 41. Ra8 h4 42. Ra2 Rb5+ 43. Kc2 Rb4 44. g3 Rc4+ 45. Kd1 hxg3 46. hxg3 (46. R2xa6 {is a self mate.} g2 (46... gxh2 $2 47. Rh8 $19) 47. R8a7+ Kg6) 46... Rc3 47. R8xa6 Rxg3 48. Rxd6 Kg6 49. Raa6 Rf3 {[%emt 0:00:00] [#]} 50. Rxf6+ gxf6 $11 {[%emt 0:00:00] KR-KR} 51. Ke2 Rxf4 52. Ke3 $1 Rb4 53. Kf3 Kg5 54. Ra3 Rh4 55. Ra8 Rh3+ 56. Kg2 Rb3 57. Ra4 Re3 58. Kf2 Re4 59. Ra3 Rf4+ 60. Kg2 Rc4 61. Kf3 Rc2 62. Rb3 Rh2 63. Rb8 {[%emt 0:00:39] White threatens Rg8+ and mate.} Rh3+ 64. Kg2 Re3 65. Kf2 Rc3 66. Rb4 Rc8 67. Kf3 Ra8 68. Rc4 Rh8 69. Ra4 Rh1 70. Kg2 Re1 71. Kf3 Rf1+ 72. Kg2 Rf4 73. Ra3 $1 Rg4+ {[%emt 0:00:00] Black continues to play with concentration.} 74. Kf3 Rc4 75. Rb3 Rc7 76. Ra3 Rb7 77. Rc3 Rb1 78. Ra3 Rh1 79. Kg2 {[%emt 0:00:29] Repels Rh3} Rh7 80. Ra4 Rh4 81. Ra3 Kg4 82. Ra8 Rh7 83. Ra4+ f4 84. Rb4 Ra7 {[%emt 0:00:56] ( -> ...Ra2+)} 85. Rb3 $2 {[%emt 0:00:24][%mdl 8192] [#]} (85. Rb2 $17) 85... f3+ $1 86. Kf2 Ra2+ 87. Kf1 $2 (87. Ke1 $17) 87... Kg3 88. Rb1 Rh2 {[%emt 0:00:07] Weighted Error Value: White=0.11 (very precise) /Black=0.08 (flawless) .  Loses game:     	White=1     	---        Mistake:       	White=3     	Black=2      Inaccurate:     	White=4     	Black=1      OK:         	White=17    	Black=28     Best:        	White=4     	Black=4      Strong:       	White=2     	Black=1      Brilliant:      	---       	Black=1} 0-1

[Event "Sardinia World Festival-A 2024"]
[Site "Orosei"]
[Date "2024.04.29"]
[Round "3.20"]
[White "Sokolovsky, Yahli"]
[Black "Vergara Anton, Diego"]
[Result "1/2-1/2"]
[ECO "B15"]
[WhiteElo "2490"]
[BlackElo "2387"]
[Annotator "TA"]
[PlyCount "63"]
[EventDate "2024.04.26"]
[EventType "swiss"]
[EventCountry "ITA"]
[SourceTitle "playchess.com"]
[Source "ChessBase"]
[SourceQuality "1"]
[TimeControl "40/5400+30:1800+30"]

1. e4 c6 2. d4 d5 3. Nd2 dxe4 4. Nxe4 Nf6 5. Nxf6+ exf6 6. c3 Bd6 7. Bd3 O-O 8. Qc2 {[%emt 0:00:08] Active counter play!} Re8+ 9. Ne2 h5 10. Be3 Nd7 {[%emt 0:00:37][%cal Bb8d7,Bd7f8,Bf8g6,Bg6f4][%mdl 32] The position is equal.} 11. c4 Nf8 12. O-O-O Be6 13. Kb1 Rc8 14. a3 Ng6 15. Nc3 Nf4 16. c5 Bb8 17. Bxf4 Bxf4 18. Bh7+ Kh8 {[%emt 0:05:35] [#] White must now prevent ...g6.} 19. Bf5 Qd7 20. Bxe6 Qxe6 21. g3 Bc7 22. d5 cxd5 23. Rxd5 g6 24. Rhd1 Kg7 25. Nb5 a6 26. Nxc7 Rxc7 27. f4 Qe3 28. R5d3 Qe7 (28... Qxc5 $2 {too greedy.} 29. Rc3 $18) 29. Rc3 Rec8 30. Rc1 Rd8 31. Qg2 Qe6 32. Rc4 {[%emt 0:01:02] Weighted Error Value: White=0.09 (flawless) /Black=0.10 (very precise) .  Inaccurate:     	White=5     	Black=3      OK:         	White=8     	Black=8} 1/2-1/2

[Event "Sardinia World Festival-A 2024"]
[Site "Orosei"]
[Date "2024.04.29"]
[Round "3.21"]
[White "Fava, Lorenzo"]
[Black "Stoyanov, Tsvetan"]
[Result "1/2-1/2"]
[ECO "D04"]
[WhiteElo "2279"]
[BlackElo "2473"]
[Annotator "TA"]
[PlyCount "115"]
[EventDate "2024.04.26"]
[EventType "swiss"]
[EventCountry "ITA"]
[SourceTitle "playchess.com"]
[Source "ChessBase"]
[SourceQuality "1"]
[TimeControl "40/5400+30:1800+30"]

1. Nf3 d5 2. e3 Nf6 3. b3 Bf5 4. Bb2 e6 5. d4 Nbd7 6. Bd3 {[%emt 0:00:18] D04: Colle System.} Ne4 7. O-O Bd6 8. c4 c6 9. Qc2 Qf6 10. Ba3 $146 ({Predecessor:} 10. Nc3 Nxc3 11. Bxc3 Bg4 12. Nd2 Qh6 13. g3 f5 14. cxd5 cxd5 15. f4 Qh5 16. Bb2 {1-0 Jarvenpaa,J (2273)-Norri,J (2266) FIN-chT 2223 2022 (8.2)}) 10... Bxa3 11. Nxa3 h5 12. Nd2 Nxd2 13. Qxd2 h4 14. f3 Bxd3 15. Qxd3 Rd8 16. Rad1 Rh6 (16... O-O $11) 17. e4 Qe7 18. Nc2 dxe4 19. fxe4 Rg6 20. Qf3 (20. Ne1 $14) 20... Qf6 (20... c5 $1 $11) 21. Qh3 (21. Qe2 $14 Qg5 22. e5) 21... Qg5 $11 22. d5 Qg4 23. Qxg4 Rxg4 24. Nd4 cxd5 25. exd5 Nf6 26. Nb5 a6 27. Nc3 h3 28. g3 exd5 29. Rfe1+ Kf8 30. cxd5 (30. Nxd5 $5 Nxd5 31. Re5 $17) 30... Rg5 31. Rd4 Rc8 (31... Nxd5 $2 32. Red1 $18) 32. Re3 Ng4 33. Red3 (33. Rf3 $15) 33... Ne5 (33... Ke7 $17 34. a4 (34. Rb4 b5 $15) 34... b6) 34. Re3 $11 Ng4 (34... Ke7 $11) 35. Red3 $1 $17 Re8 ({Black should play} 35... Ke7 $17 36. Rf3 (36. Rb4 b5 $17) 36... f6) 36. Rd1 $1 $11 Ne5 37. Rf1 Rc8 38. Ne4 Rg4 39. Rf5 f6 40. Kf2 (40. d6 $11 {keeps the balance.}) 40... Rc2+ $17 41. Rd2 Rxd2+ 42. Nxd2 Rd4 43. Ke2 Rxd5 44. Rh5 Kg8 45. Rxh3 b5 ({Black should try} 45... Nd3 $17 46. a4 Nc1+ 47. Ke1 Rd3) 46. Rh5 Rc5 47. Kd1 b4 48. Rh4 Rd5 49. Rf4 (49. Rxb4 $2 {is the wrong capture.} Nf3 50. Ke2 (50. Rb8+ $2 Kh7 $19) 50... Nxd2 $19 (50... Rxd2+ 51. Kxf3 Rxa2 52. Ra4 $11)) 49... Nd3 50. Rf1 Ne5 51. Rf4 a5 52. Ke2 Kf7 53. Nc4 g5 54. Re4 Nc6 55. Kf2 Rd1 56. Re2 Rh1 57. Kg2 Rd1 58. Kf2 1/2-1/2

[Event "Sardinia World Festival-A 2024"]
[Site "Orosei"]
[Date "2024.04.29"]
[Round "3.22"]
[White "Agmanov, Zhandos"]
[Black "Szwed, Jacek"]
[Result "1-0"]
[ECO "C65"]
[WhiteElo "2458"]
[BlackElo "2336"]
[Annotator "TA"]
[PlyCount "109"]
[EventDate "2024.04.26"]
[EventType "swiss"]
[EventCountry "ITA"]
[SourceTitle "playchess.com"]
[Source "ChessBase"]
[SourceQuality "1"]
[TimeControl "40/5400+30:1800+30"]

1. e4 e5 2. Nf3 Nc6 3. Bb5 Nf6 4. d3 Bc5 5. c3 O-O 6. O-O d6 7. Re1 Ne7 8. d4 exd4 9. cxd4 {[%emt 0:01:16] White has an edge.} Bb6 10. h3 {[%emt 0:27:57] Wards off Bg4} d5 11. e5 Ne4 12. Nc3 Bf5 13. Bd3 c5 14. Nxe4 (14. dxc5 {looks sharper.} Nxc3 15. bxc3 Bxc5 16. Bg5) 14... dxe4 15. Bxe4 Bxe4 16. Rxe4 Qd5 17. Qd3 cxd4 18. Bg5 ({Reject} 18. Nxd4 Rad8 19. Be3 Nf5 $17) 18... Ng6 19. h4 Rfe8 20. Rae1 $1 Bc7 (20... Nf8 $5) 21. Qxd4 Qxd4 22. Nxd4 {[%emt 0:00:06] Threatening h5.} Rxe5 23. Nf3 Rxe4 24. Rxe4 f6 25. Be3 Rd8 {[%emt 0:02:16] ( -> ...Rd1+)} 26. g3 Ne5 27. Nxe5 Bxe5 28. Bxa7 $11 {[%emt 0:03:05][%mdl 4096] Endgame. KRB-KRB} Ra8 29. Be3 Rxa2 30. b3 Rc2 31. Rb4 Rc7 32. Rb6 Kf7 33. Kg2 Ke7 34. Kf3 Kd7 35. h5 Kc8 36. h6 gxh6 37. Ke4 Rc3 (37... Re7 $5 38. Kf3 (38. Bxh6 $2 {too greedy.} Bc7+ $19) 38... h5 $11) 38. b4 {[%emt 0:02:14][%cal Of2f4][%mdl 1024] White has compensation.} Kc7 {[%emt 0:00:27][%cal Oc3e3] White must now prevent ...Rxe3+!} 39. Bc5 {[%emt 0:00:04] f4 would now be deadly.} Rc4+ (39... Rc1 $11) 40. Kd5 $16 Rc2 41. Re6 Rd2+ 42. Kc4 $1 h5 ({Black should play} 42... Kd8) 43. f4 Bb2 {[%emt 0:01:29] [#]} 44. Re7+ $1 Rd7 {[%emt 0:00:03] aiming for ...Rxe7.} 45. Re2 {[%emt 0:00:41] White is more active.} Bc1 {[%emt 0:03:12][%cal Oh5h4] [#]} 46. Re6 $1 {[%emt 0:11:30] White threatens Bb6+ and mate.} Rd2 (46... Rg7 $16) 47. Rxf6 $18 Rg2 48. f5 Bd2 $2 (48... Bb2 49. Rh6 Kd8) 49. Bd6+ Kd7 50. Kd5 {[%emt 0:00:33] And now Rf7+ would win.} Be1 {[%emt 0:00:19] Threatens to win with ...Rd2+.} 51. Rf7+ Kd8 52. Ke6 {[%emt 0:00:56][%cal Rf7f8] White mates.} Re2+ 53. Be5 Ke8 54. Re7+ Kd8 55. Rxh7 {[%emt 0:00:12] Weighted Error Value: White=0.04 (flawless) /Black=0.26 (precise) .  Mistake:       	---       	Black=4      Inaccurate:     	White=1     	Black=3      OK:         	White=12    	Black=16     Best:        	White=3     	---        Strong:       	White=4     	---} 1-0